 Dungeon Crawl Stone Soup version 0.21-a0-496-g696f58f (webtiles) character file.

39 slep the Covered (level 3, -1/19 HPs)
             Began as a Vine Stalker Wanderer on Nov 24, 2017.
             Slain by an adder (2 damage)
             ... on level 2 of the Dungeon.
             The game lasted 00:03:50 (673 turns).

slep the Covered (Vine Stalker Wanderer)             Turns: 673, Time: 00:03:51

Health: -1/19      AC:  3    Str: 14    XL:     3   Next: 45%
Magic:  0/4        EV: 11    Int: 12    God:
Gold:   46         SH:  4    Dex: 14    Spells: 2/2 levels left

rFire    . . .     SeeInvis .   m - +0 club
rCold    . . .     Gourm    .   d - +0 buckler
rNeg     . . .     Faith    .   h - +0 leather armour
rPois    .         Spirit   +   (no helmet)
rElec    .         Reflect  .   (no cloak)
rCorr    .         Harm     .   (no gloves)
MR       .....                  (no boots)
Stlth    ++........             (no amulet)
HPRegen  0.06/turn              (no ring)
MPRegen  0.09/turn              (no ring)

@: lethally poisoned (-1 -> -7)
A: fangs 2, magic shield, antimagic bite, no potion heal 3, rot immunity
a: no special abilities


You were on level 2 of the Dungeon.
You were not hungry.

You visited 1 branch of the dungeon, and saw 2 of its levels.

You collected 46 gold pieces.

Inventory:

Hand Weapons
 a - a +2 hand crossbow
 c - a +0 quarterstaff
 m - a +0 club (weapon)
Missiles
 b - 13 bolts
Armour
 d - a +0 buckler (worn)
 e - a +0 robe
 h - a +0 leather armour (worn)
Scrolls
 g - a scroll of identify {unknown}
 i - 3 scrolls of blinking {unknown}
 l - a scroll of fog {unknown}
Comestibles
 f - 3 bread rations
 j - 3 royal jellies
 k - 2 fruits


   Skills:
 + Level 2.4 Fighting
 + Level 0.2(0.8) Maces & Flails
 + Level 1.3(1.4) Staves
 + Level 1.5 Crossbows
 + Level 2.5 Armour
 + Level 1.1 Dodging
 + Level 1.6 Stealth
 + Level 1.0 Shields


You had 2 spell levels left.
You didn't know any spells.

Dungeon Overview and Level Annotations

Branches:
Dungeon (2/15)

Altars:


Innate Abilities, Weirdness & Mutations

You have extremely sharp teeth.
When hurt, damage is shared between your health and your magic reserves.
Your bite disrupts and absorbs the magic of your enemies.
Potions cannot restore your health.
You are immune to rotting.


Message History

The adder poisons you!
You closely miss the adder. Your bite misses the adder.
You feel sick. The adder misses you.
Your leather armour prevents you from hitting the adder.
Your bite misses the adder.
* * * LOW HITPOINT WARNING * * *
You feel sick. The adder closely misses you. The adder completely misses you.
You hit the adder but do no damage. Your bite misses the adder.
* * * LOW HITPOINT WARNING * * *
You feel sick. You block the adder's attack.
You hit the adder. You bite the adder. You drain its power.
You feel invigorated.
The adder is heavily wounded.
* * * LOW HITPOINT WARNING * * *
You feel sick. The adder barely misses you. The adder bites you.
* * * LOW HITPOINT WARNING * * *
You barely miss the adder. Your bite misses the adder.
The adder is heavily wounded.
The adder bites you. x2
You die...

###
..#
#.#
#S#
#@#
####.#
#....#
#.####
#.#
#.###
#...#
###.#
#.#


You could see an adder.

Vanquished Creatures
  An adder (D:2)
  4 bats
  3 giant cockroaches (D:1)
  A goblin (D:1)
  7 hobgoblins
  2 jackals (D:2)
  2 frilled lizards (D:1)
  3 kobolds (D:1)
  5 rats
28 creatures vanquished.

Notes
Turn   | Place    | Note
-------+----------+-------------------------------------------
     0 | D:1      | slep the Vine Stalker Wanderer began the quest for the Orb.
     0 | D:1      | slep set off with: a +2 hand crossbow, 26 bolts, a +0 quarterstaff, a +0 buckler, a +0 robe, a bread ration
     0 | D:1      | Reached XP level 1. HP: 11/11 MP: 2/2
   124 | D:1      | Reached XP level 2. HP: 15/15 MP: 3/3
   592 | D:2      | Reached XP level 3. HP: 18/18 MP: 4/4
   673 | D:2      | Slain by an adder

Vault maps used:
D:1:      shiori_shiawase, lemuel_old_faithful

Skill      XL: |  1 |
---------------+----+-----
Fighting       | 2 |  2.4
Maces & Flails | |  0.2
Staves         | |  1.3
Crossbows      | |  1.5
Armour         | |  2.5
Dodging        | |  1.1
Stealth        | |  1.6
Shields        | |  1.0

Action                   || total
-------------------------++-------
Melee: Club              ||    41
       Bite              ||     9
 Fire: Hand crossbow     ||    49
Armor: Leather armour    ||    23
Dodge: Dodged            ||    56
Block: Buckler           ||    18

Table legend:
 A = Spawn XP
 B = Non-spawn XP
 C = Spawn XP percentage of total XP
 D = Spawn monster count
 E = Non-spawn monster count
 F = Spawn count percentage of total count
 G = Total turns spent on level
                    A         B        C        D         E        F      G
               +---------+---------+-------+---------+---------+-------+---------
         Total |       0 |      56 |   0.0 |       0 |      28 |   0.0 |   673
               +---------+---------+-------+---------+---------+-------+---------
           D:1 |       0 |      30 |   0.0 |       0 |      20 |   0.0 |   564
           D:2 |       0 |      26 |   0.0 |       0 |       8 |   0.0 |   109
               +---------+---------+-------+---------+---------+-------+---------
